AoeStats
← Chill_Deep

Arabia

507641136Analyzed
3v3 RM · 13d ago on Sep 19, 2026· 57m 51s· 6 players
Game mode
Random Map
Map size
Normal (6 player)
Population
200
Speed
Normal
Resources
Standard
Victory
Conquest
Starting age
Dark Age
Ending age
Imperial Age
RankedLock teamsTeams togetherTeam positionsShared explorationLock speedFull tech treeHidden civsTurbo modeCheats
Victory
Defeat
🇺🇸 Franks · United States
1073
+10
🇺🇸 Vietnamese · United States
961
+15
🇺🇸 Magyars · United States
960
+15
🇲🇽 Teutons · Mexico
959
-14
🇳🇿 Franks · New Zealand
954
-14
🇦🇷 Britons · Argentina
897
-12
alancazu
0:29 Loom
9:48 Feudal Age
10:37 Double-Bit Axe
10:34 Horse Collar
20:09 Castle Age
18:51 Scale Mail Armor
19:42 Stone Mining
19:24 Man-at-Arms
20:10 Arson
21:35 Gold Mining
33:48 Imperial Age
32:41 Wheelbarrow
34:23 Ballistics
34:41 Forging
34:46 Chain Mail Armor
37:14 Iron Casting
37:09 Plate Mail Armor
36:46 Pikeman
37:27 Squires
45:39 Halberdier
45:40 Long Swordsman
50:32 Blast Furnace
50:12 Bow Saw
Cambell
4:22 Loom
10:55 Feudal Age
14:06 Man-at-Arms
24:41 Castle Age
29:01 Wheelbarrow
28:00 Pikeman
28:12 Crossbowman
28:47 Double-Bit Axe
29:08 Gold Mining
31:12 Padded Archer Armor
34:07 Leather Archer Armor
33:43 Fletching
36:03 Arson
36:18 Squires
37:08 Hand Cart
41:19 Bodkin Arrow
50:14 Imperial Age
49:50 Bow Saw
LooneyNZ
7:30 Loom
9:24 Feudal Age
7:42 Loom
10:56 Wheelbarrow
23:54 Castle Age
24:02 Scale Barding Armor
24:17 Double-Bit Axe
25:47 Forging
26:11 Bow Saw
28:18 Hand Cart
39:28 Chain Barding Armor
41:13 Stone Mining
41:14 Gold Mining
43:09 Scale Mail Armor
43:27 Pikeman
44:46 Iron Casting
45:10 Squires
46:22 Chain Mail Armor
49:18 Imperial Age
49:45 Husbandry
50:06 Clinker Construction
50:06 Careening
49:26 Cavalier
50:45 Plate Barding Armor
51:11 Blast Furnace
50:46 Plate Mail Armor
50:14 Halberdier
53:51 Plate Mail Armor
Fragmonkei
7:23 Loom
10:13 Feudal Age
11:44 Double-Bit Axe
11:55 Horse Collar
21:54 Wheelbarrow
25:40 Castle Age
26:46 Hand Cart
26:56 Thumb Ring
37:00 Ballistics
37:38 Elite Skirmisher
45:34 Fletching
45:44 Padded Archer Armor
46:24 Bodkin Arrow
51:54 Leather Archer Armor
54:21 Imperial Age
54:38 Imperial Skirmisher
56:31 Chemistry
55:44 Bracer
56:15 Ring Archer Armor
microwaveLAZAR
11:39 Feudal Age
11:49 Man-at-Arms
22:40 Castle Age
21:00 Fletching
23:08 Padded Archer Armor
23:28 Crossbowman
24:04 Pikeman
28:39 Bodkin Arrow
31:40 Ballistics
34:19 Arson
39:18 Thumb Ring
48:30 Imperial Age
47:37 Wheelbarrow
46:50 Loom
46:55 Double-Bit Axe
47:24 Heated Shot
48:53 Arbalester
56:09 Elite Fire Lancer
Chill_Deep
7:16 Loom
9:46 Feudal Age
10:52 Double-Bit Axe
17:42 Wheelbarrow
20:52 Castle Age
19:58 Gold Mining
19:57 Town Watch
21:03 Scale Barding Armor
21:08 Forging
22:33 Husbandry
22:58 Bow Saw
28:39 Chain Barding Armor
36:18 Iron Casting
39:56 Imperial Age
39:48 Fletching
40:56 Gold Shaft Mining
41:20 Plate Barding Armor
41:45 Blast Furnace
41:03 Hand Cart
40:53 Town Patrol
40:18 Cavalier
41:59 Coinage
42:04 Bodkin Arrow
43:19 Banking
45:14 Masonry
45:33 Ballistics
45:17 Scale Mail Armor
44:44 Pikeman
45:26 Squires
45:13 Arson
47:14 Architecture
47:36 Paladin
48:14 Halberdier
50:24 Gambesons
54:49 Chemistry
Connection lost

Rejoining the realm…

Still unreachable

The connection could not be restored.

Session expired

The server has moved on; the page needs a fresh start.